 Dungeon Crawl Stone Soup version 0.31-a0-875-g02e7d12df6 (webtiles) character file.

Game seed: 17107846072301076717

44 lunkers the Ruffian (level 4, 0/35 HPs)
             Began as a Meteoran Shapeshifter on Oct 12, 2023.
             Slain by an orc
             ... wielding a +0 short sword
              (4 damage)
             ... on level 3 of the Dungeon.
             The game lasted 00:01:09 (802 turns).

lunkers the Ruffian (Meteoran Shapeshifter)          Turns: 802, Time: 00:01:09

Health: 0/35       AC:  5    Str: 16    XL:     4   Next: 8%
Magic:  5/5        EV: 11    Int: 11    God:
Gold:   31         SH:  0    Dex: 15    Spells: 3/3 levels left

rFire   . .          .
                       - Unarmed
rCold   . . .        (no shield)
rNeg    . . .        j - +0 ring mail
rPois   .            (helmet currently unavailable)
rElec   .            (cloak currently unavailable)
rCorr   .            (gloves currently unavailable)
SInv    .            (boots currently unavailable)
Will    .....        (no amulet)
Stlth   +            (no ring)
HPRegen 0.25/turn    (no ring)
MPRegen 0.09/turn

%: no passive effects
@: beast-form, glowing
A: beast (slay +2), sense surroundings 1, otherworldly, glowing, explore regen
a: Begin Untransformation


You were on level 3 of the Dungeon.
You were a hulking beast.
You visited 1 branch of the dungeon, and saw 3 of its levels.

You collected 31 gold pieces.

Inventory:

Armour
 a - a +0 animal skin
 h - a +0 pair of gloves
 j - a +0 ring mail (worn)
Jewellery
 n - a ring of wizardry
Talismans
 c - a beast talisman (active)
 d - a flux talisman
Scrolls
 e - a scroll of identify {unknown}
 f - a scroll of fear {unknown}
 g - 2 scrolls of blinking {unknown}
 k - a scroll of teleportation {unknown}
 m - a scroll of revelation {unknown}
Potions
 b - a potion of lignification
 i - a potion of curing {unknown}
 l - a potion of enlightenment {unknown}


   Skills:
 - Level 1.1 Fighting
 - Level 2.1 Dodging
 * Level 4.9 Unarmed Combat
 + Level 4.2 Shapeshifting


You had 3 spell levels left.
You didn't know any spells.
Your spell library was empty.

Dungeon Overview and Level Annotations

Branches:
Dungeon (3/15) Zot: 1004

Altars:


Innate Abilities, Weirdness & Mutations

You are a hulking beast.
Your limbs bulge with bestial killing power. (Slay +2)
You passively map a small area around you.
You are easily found by Zot.
You glow in the dark.
You regain HP and MP as you explore.


Message History

The orc throws a boomerang.
The boomerang barely misses you.
An orc comes into view. It is wielding a +0 club.
The orc shouts!
The orc hits you but does no damage. x2
You closely miss the orc. The orc closely misses you.
The orc hits you with a +0 hand axe.
You hit the orc.
The orc is almost dead.
The orc hits you but does no damage. The orc hits you with a +0 hand axe.
You hit the orc but do no damage.
The orc is almost dead.
The orc misses you. The orc hits you with a +0 hand axe.
* * * LOW HITPOINT WARNING * * *
An orc comes into view. It is wielding a +0 short sword.
The orc shouts!
You punch the orc!
You kill the orc!
You hear a shout!
The orc hits you with a +0 hand axe.
* * * LOW HITPOINT WARNING * * *
You closely miss the orc. The orc hits you with a +0 club.
* * * LOW HITPOINT WARNING * * *
The orc closely misses you.
You barely miss the orc. The orc hits you but does no damage.
The orc barely misses you. The orc hits you but does no damage.
Unknown command.
You hit the orc.
The orc is heavily wounded.
The orc hits you with a +0 club.
* * * LOW HITPOINT WARNING * * *
The orc hits you with a +0 short sword.
* * * LOW HITPOINT WARNING * * *
The orc hits you with a +0 hand axe.
* * * LOW HITPOINT WARNING * * *
You hit the orc but do no damage.
The orc is heavily wounded.
The orc hits you but does no damage. The orc hits you with a +0 hand axe.
* * * LOW HITPOINT WARNING * * *
The orc hits you with a +0 short sword.
You die...

, , #.### * * ....# , ,
* #...# * #...# , * , *
*,#...# * , , ,# #...#
#.#oo# , * * #
#.#h.#####. * * .
#.#.o........ , , *
..#.#.#........#########
,
........................
..#.....................
.!......#######.........
..#...........#.........
,
..###########.#.........
* * ###'#..<......


You could see 3 orcs.

Vanquished Creatures
  An adder (D:2)
  An orc (D:3)
  2 giant cockroaches
  4 goblins
  2 hobgoblins
  4 jackals (D:2)
  4 kobolds
  4 quokkas
  3 ball pythons
  2 bats
  A rat (D:1)
28 creatures vanquished.

Notes
Turn   | Place    | Note
-------+----------+-------------------------------------------
     0 | D:1      | lunkers the Meteoran Shapeshifter began the quest for the
                  | Orb.
     0 | D:1      | Reached XP level 1. HP: 16/16 MP: 2/2
   205 | D:1      | Reached XP level 2. HP: 22/23 MP: 3/3
   447 | D:2      | Reached XP level 3. HP: 25/28 MP: 4/4
   632 | D:2      | Reached XP level 4. HP: 34/35 MP: 5/5
   802 | D:3      | Slain by an orc

Illustrated notes

Levels and vault maps discovered:
D:1:      minmay_arrival_four_circles, layout_basic
D:2:      layout_loops_cross
D:3:      layout_basic, minitemple, serial_shops, nicolae_shop_crystal

Skill      XL: |  1  2  3 |
---------------+----------+-----
Unarmed Combat | 4 |  4.9
Shapeshifting  | 4 |  4.2
Fighting       | |  1.1
Dodging        | |  2.1

Action                     |  1- 3 |  4- 6 || total
---------------------------+-------+-------++-------
  Melee: Unarmed           |    75 |    11 ||    86
         Punch             |     3 |       ||     3
 Armour: Animal skin       |    19 |       ||    19
         Ring mail         |    34 |    18 ||    52
  Dodge: Dodged            |    51 |     6 ||    57

Table legend: (Time is in decaauts)
 A = Elapsed time spent in this place.
 B = Non-inter-level travel time spent in this place.
 C = Inter-level travel time spent in this place.
 D = Time resting spent in this place.
 E = Time spent auto-exploring this place.
 F = Levels seen in this place.
 G = Mean time per level.
                   A        B        C        D        E       F      G
               +--------+--------+--------+--------+--------+-----+--------+
         Total |    794 |    736 |     58 |      0 |    561 |   3 |  264.7 |
       Dungeon |    794 |    736 |     58 |      0 |    561 |   3 |  264.7 |
               +--------+--------+--------+--------+--------+-----+--------+

Top non-repeatable levels by time:
     D:1: 384 daAuts
     D:2: 381 daAuts
     D:3: 29 daAuts
